 Dungeon Crawl Stone Soup version 0.29-a0-664-gff9cad4a3d (webtiles) character file.

Game seed: 9204936940661550381

30 nobbins the Sneak (level 3, -6/20 HPs)
             Began as a Kobold Enchanter on June 23, 2022.
             Was a Follower of Uskayaw.
             Mangled by a worm (8 damage)
             ... on level 2 of the Dungeon.
             The game lasted 00:05:13 (1578 turns).

nobbins the Sneak (Kobold Enchanter)                Turns: 1578, Time: 00:05:13

Health: -6/20      AC:  4    Str:  5    XL:     3   Next: 35%
Magic:  6/6        EV: 15    Int: 16    God:    Uskayaw [*.....]
Gold:   0          SH:  0    Dex: 17    Spells: 4/6 levels left

rFire   + . .      SeeInvis .   a - +1 dagger
rCold   + . .      Faith    .   (no shield)
rNeg    . . .      Spirit   .   b - +0 robe
rPois   .          Reflect  .   (no helmet)
rElec   .          Harm     .   h - scarf {rC+ rF+}
rCorr   .          Rampage  .   (no gloves)
Will    .....                   g - +1 pair of boots
Stlth   ++++......              (no amulet)
HPRegen 0.06/turn               (no ring)
MPRegen 0.10/turn               (no ring)

@: no status effects
A: small, no large weapons, nightstalker 3
a: Renounce Religion, Stomp


You were on level 2 of the Dungeon.
You worshipped Uskayaw.
Uskayaw was noncommittal.
You visited 1 branch of the dungeon, and saw 2 of its levels.

Inventory:

Hand Weapons
 a - a +1 dagger (weapon)
Armour
 b - a +0 robe (worn)
 g - a +1 pair of boots (worn)
 h - a scarf of resistance (worn)
Jewellery
 m - a ring of wizardry
Scrolls
 i - 2 scrolls of blinking {unknown}
 k - a scroll of fear {unknown}
 l - a scroll of identify {unknown}
 n - a scroll of teleportation {unknown}
Potions
 c - 2 potions of invisibility
 d - a potion of ambrosia {unknown}
 e - a potion of curing {unknown}
 f - a potion of mutation {unknown}
 j - a potion of degeneration {unknown}


   Skills:
 + Level 0.6 Fighting
 * Level 2.5 Short Blades
 + Level 2.5 Dodging
 + Level 4.9 Stealth
 + Level 2.4 Spellcasting
 - Level 3.0 Hexes


You had 4 spell levels left.
You knew the following spells:

 Your Spells              Type           Power      Damage    Failure   Level
a - Ensorcelled Hibernat  Hex/Ice        12%        N/A       16%         2

Your spell library contained the following spells:

 Spells                   Type           Power      Damage    Failure   Level
 Slow                     Hex            44%        N/A       6%          1
 Confusing Touch          Hex            11%        N/A       17%         3
 Tukima's Dance           Hex            11%        N/A       17%         3
 Dazzling Flash           Conj/Hex       12%        N/A       32%         3
 Frozen Ramparts          Ice            2%         1d2       52%         3
 Vampiric Draining        Necr           1%         2d6       52%         3
 Ice Form                 Ice/Tmut       1%         N/A       89%         4
 Summon Ice Beast         Ice/Summ       1%         N/A       89%         4


Dungeon Overview and Level Annotations

Branches:
Dungeon (2/15)

Altars:
Uskayaw


Innate Abilities, Weirdness & Mutations

You are small and have problems with some larger weapons.
You are completely attuned to the shadows.


Message History

The worm is lightly wounded.
You hit the worm but do no damage.
The worm is lightly wounded.
The worm closely misses you.
You completely miss the worm.
The worm is lightly wounded.
You hit the worm but do no damage.
The worm is lightly wounded.
The worm bites you!
You barely miss the worm. You hit the worm.
The worm is lightly wounded.
The worm misses you.
You hit the worm.
The worm is moderately wounded.
You completely miss the worm.
The worm is moderately wounded.
The worm completely misses you.
You hit the worm.
The worm is moderately wounded.
You barely miss the worm.
The worm is moderately wounded.
The worm bites you.
You hit the worm.
The worm is heavily wounded.
You hit the worm.
The worm is heavily wounded.
The worm barely misses you.
You completely miss the worm.
The worm is heavily wounded.
You hit the worm.
The worm is severely wounded.
The worm bites you!
* * * LOW HITPOINT WARNING * * *
You hit the worm.
The worm is almost dead.
You hit the worm.
The worm is almost dead.
The worm bites you!
You die...

#....# #.#....# #.#....#
#.#.w[.# ####.#@...# #.##
..........# ##PP.#
###########.##...# #.P..#
............#....# #....#
######..[......#....####....#
..............<>.#.#.......##
##.###.#.......#.#.#.#.##..#
#.# #.#.....#.#.#.#.#...#.#
#.# #.#.....#.#.#.#<..#.#.#


You could see a worm.

Vanquished Creatures
  A dart slug (D:1)
  An endoplasm (D:1)
  A goblin (D:2)
  A hobgoblin (D:2)
  11 jackals
  2 quokkas (D:1)
  2 ball pythons (D:1)
  A frilled lizard (D:1)
  2 kobolds (D:1)
  A rat (D:1)
23 creatures vanquished.

Notes
Turn   | Place    | Note
-------+----------+-------------------------------------------
     0 | D:1      | nobbins the Kobold Enchanter began the quest for the Orb.
     0 | D:1      | Reached XP level 1. HP: 10/10 MP: 3/3
    68 | D:1      | Reached XP level 2. HP: 15/15 MP: 5/5
    77 | D:1      | Learned a level 2 spell: Ensorcelled Hibernation
   275 | D:1      | Found a faded altar of an unknown god.
   280 | D:1      | Prayed at the altar of an unknown god.
   280 | D:1      | Became a worshipper of Uskayaw the Reveller
   280 | D:1      | Reached * piety under Uskayaw
   360 | D:1      | Reached ** piety under Uskayaw
   370 | D:1      | Reached *** piety under Uskayaw
   726 | D:1      | Reached XP level 3. HP: 20/20 MP: 6/6
  1578 | D:2      | Mangled by a worm

Illustrated notes

Levels and vault maps discovered:
D:1:      elethiomel_arrival_quiet, layout_basic,
          shapermc_ecumenical_altar_mp_highgroup
D:2:      layout_basic, basic_altar, serial_shops, nicolae_shop_hallway_plus,
          uniq_crazy_yiuf_cottage

Skill      XL: |  1  2 |
---------------+-------+-----
Short Blades   | 2 |  2.5
Fighting       | |  0.6
Dodging        | |  2.5
Stealth        | |  4.9
Spellcasting   | |  2.4
Hexes          | |  3.0

Action                   || total
-------------------------++-------
Melee: Dagger            ||   122
       Punch             ||     2
 Stab: Sleeping          ||     9
Armor: Robe              ||    25
Dodge: Dodged            ||    86

Table legend: (Time is in decaauts)
 A = Elapsed time spent in this place.
 B = Non-inter-level travel time spent in this place.
 C = Inter-level travel time spent in this place.
 D = Time resting spent in this place.
 E = Time spent auto-exploring this place.
 F = Levels seen in this place.
 G = Mean time per level.
                   A        B        C        D        E       F      G
               +--------+--------+--------+--------+--------+-----+--------+
         Total |   1565 |   1555 |     10 |    182 |   1073 |   2 |  782.5 |
       Dungeon |   1565 |   1555 |     10 |    182 |   1073 |   2 |  782.5 |
               +--------+--------+--------+--------+--------+-----+--------+

Top non-repeatable levels by time:
     D:1: 1137 daAuts
     D:2: 427 daAuts
